 Dungeon Crawl Stone Soup version 0.25-a0-1136-gc1285e62ab (webtiles) character file.

Game seed: 14541601120687227738, levelgen mode: deterministic

134111 Foltvindir the Geomancer (level 17, 0/116 HPs)
             Began as a Gargoyle Earth Elementalist on May 23, 2020.
             Was a High Priest of Vehumet.
             Slain by a merfolk
             ... wielding a +0 war axe
              (3 damage)
             ... on level 3 of the Shoals.
             The game lasted 01:19:32 (37736 turns).

Foltvindir the Geomancer (GrEE)                    Turns: 37736, Time: 01:19:33

Health: 0/116      AC: 32    Str: 15    XL:     17   Next: 16%
Magic:  30/32      EV: 17    Int: 32    God:    Vehumet [*****.]
Gold:   732        SH:  0    Dex: 13    Spells: 7/38 levels left

rFire    + . .     SeeInvis .   I - +8 morningstar of Callousness {drain, +Blink}
rCold    + . .     Gourm    .   (no shield)
rNeg     + . .     Faith    .   K - +3 robe of Clouds {+Thunder rCloud rElec}
rPois    ∞         Spirit   .   k - +4 helmet of the Elven Halls {Int+4 Dex+3}
rElec    +         Reflect  .   t - +2 cloak
rCorr    +         Harm     .   C - +2 pair of gloves "Neny" {Str+2}
MR       +....     Rnd*Tele +   Q - +1 pair of boots {run}
Stlth    +++.......             z - amulet of magic regeneration
HPRegen  0.29/turn              U - +6 ring of intelligence
MPRegen  0.48/turn              l - ring of wizardry

@: resistant, marked, flying, very slightly contaminated, invisible, quick
A: big wings, hooves 1, camouflage 1, mutation resistance 1, negative energy
resistance 1, robust 1, electricity resistance, teleportitis 1, unbreathing,
petrification resistance, rot immunity, AC +12
a: Stop Flying, Renounce Religion, Evoke Blink, Evoke Thunderclouds


You were on level 3 of the Shoals.
You worshipped Vehumet.
Vehumet was extremely pleased with you.
You were hungry.

You visited 6 branches of the dungeon, and saw 29 of its levels.
You visited 2 bazaars.
You also visited: Sewer and Ice Cave.

You collected 2865 gold pieces.
You spent 2133 gold pieces at shops.

Inventory:

Hand Weapons
 h - the +1 eveningstar of the Snake Pit {vorpal, +Inv rElec rPois rN++}
   (You acquired it in an ice cave)

   It inflicts extra damage upon your enemies.
   It insulates you from electricity.
   It protects you from poison.
   It greatly protects you from negative energy.
   It lets you turn invisible.
 I - the +8 morningstar of Callousness (weapon) {drain, +Blink}
   (You bought it in a shop in a bazaar)

   A truly terrible weapon, it drains the life of those it strikes.
   It lets you blink.
Missiles
 b - 415 stones (quivered)
 n - 3 throwing nets
Armour
 k - the +4 helmet of the Elven Halls (worn) {Int+4 Dex+3}
   (You found it on level 1 of the Snake Pit)

   It affects your intelligence (+4).
   It affects your dexterity (+3).
 t - a +2 cloak (worn)
 C - the +2 pair of gloves "Neny" (worn) {Str+2}
   (You found it on level 14 of the Dungeon)

   It affects your strength (+2).
 D - a +2 helmet of see invisible
 K - the +3 robe of Clouds (worn) {+Thunder rCloud rElec}
   (You found it on level 13 of the Dungeon)

   It insulates you from electricity.
 Q - a +1 pair of boots of running (worn)
Jewellery
 l - a ring of wizardry (right hand)
 s - an uncursed ring of protection from cold
 x - an uncursed ring of protection from fire
 z - an amulet of magic regeneration (around neck)
 E - an uncursed ring of see invisible
 U - a +6 ring of intelligence (left hand)
Wands
 q - a wand of disintegration (23)
 v - a wand of flame (53)
 A - a wand of clouds (3)
 M - a wand of acid (5)
 O - a wand of paralysis (5)
 P - a wand of polymorph (5)
Scrolls
 c - 2 scrolls of fear
 m - 6 scrolls of amnesia
 o - 13 scrolls of remove curse
 r - 8 scrolls of teleportation
 w - 16 scrolls of identify
 y - 3 scrolls of enchant weapon
 F - 3 scrolls of fog
 S - a scroll of magic mapping
Potions
 a - 14 potions of curing
 e - a potion of ambrosia
 g - a potion of berserk rage
 i - 8 potions of haste
 j - 4 potions of brilliance
 p - a potion of heal wounds
 u - 3 potions of might
 B - a potion of cancellation
 G - 4 potions of stabbing
 H - a potion of resistance
 N - a potion of magic
 R - a potion of invisibility
Miscellaneous
 J - a lightning rod (4/4)
 L - a box of beasts
Comestibles
 d - 33 rations


   Skills:
 + Level 11.7 Fighting
 + Level 10.8 Maces & Flails
 - Level 6.0 Armour
 + Level 9.3 Dodging
 - Level 2.1 Stealth
 + Level 11.1 Spellcasting
 + Level 12.6 Conjurations
 - Level 0.7 Transmutations
 * Level 11.1 Fire Magic
 + Level 14.1 Earth Magic
 - Level 6.0 Evocations


You had 7 spell levels left.
You knew the following spells:

 Your Spells              Type           Power        Failure   Level  Hunger
a - Sandblast             Erth           ######       0%          1    None
b - Stone Arrow           Conj/Erth      ######       1%          3    None
c - Lee's Rapid Deconstr  Erth           #######...   1%          5    ##.....
d - Iron Shot             Conj/Erth      #######...   1%          6    ####...
e - Bolt of Magma         Conj/Fire/Erth #######...   1%          5    ##.....
f - Starburst             Conj/Fire      #######...   1%          6    ####...
g - Irradiate             Conj/Tmut      ######....   1%          5    ##.....

Your spell library contained the following spells:

 Spells                   Type           Power        Failure   Level  Hunger
 Conjure Ball Lightning   Conj/Air       ######....   3%          6    ####...
 Animate Skeleton         Necr           N/A          1%          1    None
 Apportation              Tloc           ###...       1%          1    None
 Corona                   Hex            ###....      1%          1    None
 Shock                    Conj/Air       ####         1%          1    None
 Summon Small Mammal      Summ           ###.         1%          1    None
 Passwall                 Tmut/Erth      ######..     1%          2    None
 Sticks to Snakes         Tmut           ###.....     1%          2    None
 Swiftness                Chrm/Air       ###.....     1%          2    None
 Dazzling Flash           Conj/Hex       ######       1%          3    None
 Inner Flame              Hex/Fire       ######..     1%          3    None
 Static Discharge         Conj/Air       ######..     1%          3    None
 Petrify                  Tmut/Erth      ######..     1%          4    None
 Iskenderun's Battlesphe  Conj/Chrm      ######..     1%          5    ##.....
 Lightning Bolt           Conj/Air       ######....   1%          5    ##.....
 Orb of Destruction       Conj           #######...   1%          7    ######.
 Spider Form              Tmut/Pois      ###.......   2%          3    None
 Confusing Touch          Hex            ###.....     3%          3    None
 Gell's Gravitas          Tloc           ###.......   3%          3    None
 Airstrike                Air            ###.......   3%          4    None
 Yara's Violent Unravell  Hex/Tmut       ###.......   8%          5    ##.....
 Freezing Cloud           Conj/Ice/Air   #####.....   9%          6    ####...
 Spellforged Servitor     Conj/Summ      ######....   17%         7    ######.
 Alistair's Intoxication  Tmut/Pois      ###.....     26%         5    ##.....
 Metabolic Englaciation   Hex/Ice        ###.......   28%         5    ##.....
 Dragon Form              Tmut           ###.......   99%         7    ######.


Dungeon Overview and Level Annotations

Branches:
Dungeon (15/15)            Temple (1/1) D:5            Lair (6/6) D:10
 Shoals (3/4) Lair:4        Snake (2/4) Lair:3        Slime (0/5) Lair:5
    Orc (2/2) D:10            Elf (0/3) Orc:2        Vaults (0/5) D:14
 Depths (0/5) D:15          Sewer (visited)           IceCv (visited)

Altars:
Ashenzari
Cheibriados
Dithmenos
Elyvilon
Fedhas
Gozag
Hepliaklqana
Kikubaaqudgha
Makhleb
Nemelex Xobeh
Qazlal
Ru
Sif Muna
Trog
Vehumet
Wu Jian
Xom
Yredelemnul
The Shining One
Beogh
Jiyva

Shops:
D:4 ?   D:6 *   D:13 =   Orc:1 *   Orc:2 =}[=   Shoals:1 !}[   Shoals:2 *
Snake:2 !

Annotations:
D:11 3 runed translucent doors, Teror's ghost, novice DsNe
D:15 exclusion: downstairs
Lair:1 exclusion: oklob plant
Lair:4 exclusion: 2 oklob plants


Innate Abilities, Weirdness & Mutations

You are resistant to torment.
Your stone body is resilient. (AC +12)
You are immune to poison.
Your large and strong wings let you fly indefinitely.
You resist negative energy. (rN+)
You are resistant to electric shocks. (rElec)
You can survive without breathing.
You are immune to petrification.
You are immune to rotting.
You have large cloven feet.
Your skin changes colour to match your surroundings (Stealth+).
You are somewhat resistant to further mutation.
You are robust. (+10% HP)
You are occasionally teleported next to monsters.


Message History

The sea snake misses you. The merfolk closely misses you.
The kraken bites you!!
* * * LOW HITPOINT WARNING * * *
The harpy claws you but does no damage. The harpy closely misses you. x3
The sea snake barely misses you. The snapping turtle barely misses you.
You feel much better. The harpy claws you.
* * * LOW HITPOINT WARNING * * *
The harpy closely misses you. The harpy barely misses you. The harpy claws you!
* * * LOW HITPOINT WARNING * * *
The harpy barely misses you. The harpy completely misses you.
The harpy claws you!
* * * LOW HITPOINT WARNING * * *
The harpy claws you but does no damage. The kraken bites you.
* * * LOW HITPOINT WARNING * * *
The sea snake completely misses you.
The snapping turtle completely misses you.
The alligator snapping turtle misses you.
The merfolk closely misses you. The merfolk completely misses you.
The sea snake misses you. The merfolk hits you with a +0 war axe.
You die...

≈≈≈≈≈≈≈≈≈≈≈≈≈≈≈
#≈≈≈≈≈≈≈≈≈≈≈≈≈≈≈≈≈≈
#≈≈≈≈≈≈≈≈≈≈≈≈≈≈≈≈≈≈
#≈≈≈≈≈≈≈≈≈≈≈≈≈≈≈≈≈≈
#≈≈≈≈≈≈≈≈≈≈≈≈≈≈)≈≈≈
#≈≈≈≈≈≈≈≈≈≈≈≈≈≈≈≈≈≈
#≈≈≈≈≈≈HHS≈≈≈≈≈≈≈≈.
#≈≈≈≈≈HX@mt≈≈≈≈≈P..
#≈≈≈≈≈HtS≈≈≈PP≈P≈..
#≈≈≈≈≈Smtmm≈≈≈≈≈...
#≈≈≈≈≈≈≈H≈≈≈≈≈≈PP..
#≈≈≈≈≈≈≈≈≈≈≈≈≈P....
#≈≈≈≈≈≈≈≈≈≈≈≈P≈.$..
#≈≈≈≈≈≈≈≈≈≈≈≈P≈≈..#
#≈≈≈≈≈≈≈≈≈≈≈≈≈≈P≈..
#≈≈≈≈≈≈≈≈≈≈≈≈≈PP≈≈≈


You could see a kraken (inner flame), an alligator snapping turtle (inner
flame), a merfolk avatar, 3 sea snakes, 2 snapping turtles, 3 merfolk, a
hippogriff (inner flame) and 4 harpies.

Vanquished Creatures
  Gastronok (Lair:1)
  The ghost of Hunanoc the Peltast, an adept TrWz of the Shining One (Snake:1)
  An orc warlord (Orc:2)
  Aizul (Snake:2)
  A stone giant (Orc:1)
  An ironheart preserver (D:14)
  An ettin (Orc:1)
  Erolcha (Orc:2)
  3 naga warriors
  8 hydras
  Harold (D:7)
  6 anacondas
  2 catoblepae (Shoals:2)
  An ice dragon (Lair:6)
  12 two-headed ogres
  A centaur warrior (D:13)
  An ogre mage (D:15)
  2 satyrs
  A merfolk avatar (Shoals:2)
  9 death yaks
  2 shock serpents
  5 orc high priests (Orc:2)
  Sonja (Orc:2)
  A salamander mystic (Snake:2)
  An unseen horror (D:14)
  3 naga ritualists
  A lindwurm (Lair:6)
  An orange crystal statue (D:15)
  4 sea snakes
  4 orc knights (Orc:2)
  4 harpies (Shoals:2)
  5 mana vipers
  2 deep elf magi (D:15)
  7 orc sorcerers
  5 ugly things
  2 cyclopes
  8 salamanders
  8 fauns
  9 manticores
  6 elephants
  4 merfolk sirens
  2 spectral shock serpents (Snake:1)
  14 black mambas
  5 torpor snails (Lair:6)
  A guardian serpent (Snake:1)
  2 ice statues (IceCv)
  3 water nymphs
  5 naga magi
  3 rime drakes
  10 spiny frogs
  4 komodo dragons
  3 yaktaurs (D:15)
  2 spectral nagas (Snake:1)
  2 ice devils (Lair:2)
  7 hornets (Lair:6)
  A queen bee (D:9)
  3 trolls
  5 merfolk
  2 polar bears
  16 blink frogs
  4 tyrant leeches (Lair:6)
  4 slime creatures
  6 dream sheep (Lair:4)
  13 hippogriffs
  4 snapping turtles
  A shadow (D:14)
  2 shock serpent simulacra (Snake:1)
  A wraith (D:12)
  4 wyverns
  A centaur simulacrum (D:14)
  A vampire (D:13)
  A water elemental (Shoals:2)
  52 yaks
  4 basilisks
  Menkaure (D:5)
  A warg (Orc:2)
  11 nagas
  2 acid dragons
  11 water moccasins
  7 porcupines
  3 sky beasts
  11 ice beasts
  38 orc warriors
  5 black bears
  4 phantoms
  2 black mamba simulacra (Snake:1)
  8 wolves
  18 centaurs
  A necrophage (D:11)
  18 ogres
  13 crocodiles
  A big kobold (D:9)
  30 bullfrogs
  5 scorpions
  21 killer bees
  5 wights (D:13)
  5 howler monkeys
  An electric eel (Lair:2)
  2 crimson imps
  A bullfrog zombie (D:11)
  6 jellies
  A quasit (D:8)
  6 hounds
  2 naga simulacra (Snake:1)
  29 orc wizards
  5 centaur skeletons
  34 orc priests
  5 bullfrog skeletons
  2 iguanas
  11 worker ants
  A hound skeleton (D:4)
  A worker ant zombie (D:8)
  Robin (D:2)
  3 gnolls (D:5)
  A howler monkey skeleton (D:4)
  16 adders
  4 shadow imps
  An ooze (D:2)
  9 worms
  3 dart slugs
  4 leopard geckos
  101 orcs
  6 giant cockroaches
  28 goblins
  17 hobgoblins
  18 jackals
  2 quokkas
  3 ball pythons
  A ball python zombie (D:2)
  6 bats
  10 frilled lizards
  28 kobolds
  9 rats
  A butterfly (Lair:1)
  2 plants
928 creatures vanquished.

Vanquished Creatures (others)
  13 fungi
  22 plants
  21 tentacles (Shoals:3)
56 creatures vanquished.

Grand Total: 984 creatures vanquished

Notes
Turn   | Place    | Note
-------+----------+-------------------------------------------
     0 | D:1      | Foltvindir the Gargoyle Earth Elementalist began the quest
                  | for the Orb.
     0 | D:1      | Reached XP level 1. HP: 10/10 MP: 3/3
   282 | D:1      | Reached XP level 2. HP: 15/15 MP: 5/5
   314 | D:1      | Reached skill level 4 in Earth Magic
   773 | D:1      | Reached XP level 3. HP: 19/19 MP: 6/6
   778 | D:1      | Learned a level 3 spell: Stone Arrow
  1177 | D:2      | Gained mutation: You occasionally shout uncontrollably at
                  | your foes. [potion of mutation]
  1177 | D:2      | Gained mutation: You are somewhat resistant to further
                  | mutation. [potion of mutation]
  1177 | D:2      | Gained mutation: You are partially covered in rugged brown
                  | scales. (AC +1, +3% HP) [potion of mutation]
  1178 | D:2      | Lost mutation: You occasionally shout uncontrollably at
                  | your foes. [potion of mutation]
  1178 | D:2      | Lost mutation: You are somewhat resistant to further
                  | mutation. [potion of mutation]
  1178 | D:2      | Gained mutation: You passively map a small area around you.
                  | [potion of mutation]
  1178 | D:2      | Gained mutation: You do not regenerate when monsters are
                  | visible. [potion of mutation]
  1178 | D:2      | Gained mutation: You are occasionally teleported next to
                  | monsters. [potion of mutation]
  1178 | D:2      | Gained mutation: Your muscles are strong. (Str +2) [potion
                  | of mutation]
  1356 | D:2      | Reached skill level 1 in Conjurations
  1457 | D:2      | Reached XP level 4. HP: 24/24 MP: 5/8
  1836 | D:2      | Noticed Robin
  1862 | D:2      | Reached skill level 5 in Earth Magic
  1867 | D:2      | Killed Robin
  1956 | D:2      | Reached XP level 5. HP: 19/28 MP: 9/9
  2409 | D:3      | Found a basalt altar of Yredelemnul.
  2620 | D:3      | Found a snail-covered altar of Cheibriados.
  2648 | D:3      | You fall into a shaft and drop 3 floors!
  2659 | D:5      | Entered Level 5 of the Dungeon
  2859 | D:5      | Found a blossoming altar of Fedhas.
  2863 | D:5      | Reached XP level 6. HP: 32/32 MP: 6/11
  3068 | D:4      | Lost mutation: Your muscles are strong. (Str +2) [potion of
                  | mutation]
  3068 | D:4      | Lost mutation: You passively map a small area around you.
                  | [potion of mutation]
  3068 | D:4      | Gained mutation: You are robust. (+10% HP) [potion of
                  | mutation]
  3068 | D:4      | Gained mutation: Your large and strong wings let you fly
                  | indefinitely. [potion of mutation]
  3068 | D:4      | Gained mutation: Your skin changes colour to match your
                  | surroundings (Stealth+). [potion of mutation]
  3168 | D:4      | Found Qitanawk's Magic Scroll Boutique.
  3183 | D:4      | Bought a scroll of magic mapping for 45 gold pieces
  3207 | D:4      | Reached skill level 6 in Earth Magic
  3237 | D:4      | Found a glowing drain.
  3247 | Sewer    | Entered a sewer
  3700 | D:3      | Reached XP level 7. HP: 40/40 MP: 13/13
  4262 | D:4      | Bought a scroll of immolation for 45 gold pieces
  4649 | D:4      | Reached skill level 7 in Earth Magic
  4697 | D:4      | Reached skill level 5 in Spellcasting
  4860 | D:4      | Reached skill level 5 in Conjurations
  4860 | D:4      | Reached XP level 8. HP: 37/46 MP: 15/15
  5157 | D:5      | Found a staircase to the Ecumenical Temple.
  5184 | Temple   | Entered the Ecumenical Temple
  5217 | Temple   | Became a worshipper of Vehumet
  5724 | D:5      | Found a bloodstained altar of Trog.
  5761 | D:5      | Reached skill level 1 in Fighting
  5761 | D:5      | Reached skill level 1 in Maces & Flails
  5761 | D:5      | Reached skill level 1 in Armour
  5878 | D:5      | Noticed Menkaure
  5905 | D:5      | Killed Menkaure
  5919 | D:5      | Learned a level 5 spell: Lee's Rapid Deconstruction
  6730 | D:6      | Found Wennief's General Store.
  6735 | D:6      | Bought a potion of curing for 33 gold pieces
  6868 | D:6      | Reached * piety under Vehumet
  6868 | D:6      | Offered knowledge of Foxfire by Vehumet.
  7080 | D:6      | Reached XP level 9. HP: 40/55 MP: 13/17
  7559 | D:7      | Reached skill level 8 in Earth Magic
  7638 | D:7      | Learned a level 6 spell: Iron Shot
  7801 | D:7      | Found a white marble altar of Elyvilon.
  7888 | D:7      | Noticed Harold
  7904 | D:7      | Killed Harold
  7904 | D:7      | Reached skill level 1 in Evocations
  8291 | D:7      | Identified a scroll of acquirement
  8660 | D:8      | Reached XP level 10. HP: 49/63 MP: 19/19
  9180 | D:8      | Reached ** piety under Vehumet
  9180 | D:8      | Offered knowledge of Freeze by Vehumet.
  9604 | D:9      | Reached skill level 9 in Earth Magic
  9718 | D:9      | Found a shattered altar of Ashenzari.
 10068 | D:9      | Offered knowledge of Mephitic Cloud by Vehumet.
 10151 | D:9      | Reached skill level 5 in Fighting
 10401 | D:9      | Reached skill level 5 in Armour
 10411 | D:9      | Reached *** piety under Vehumet
 10852 | D:10     | Entered Level 10 of the Dungeon
 10983 | D:10     | Reached XP level 11. HP: 68/72 MP: 21/21
 11005 | D:10     | Found a staircase to the Orcish Mines.
 11008 | D:10     | Noticed a death yak
 11011 | D:10     | Noticed a death yak
 11038 | D:10     | Killed a death yak
 11038 | D:10     | Reached skill level 5 in Maces & Flails
 11041 | D:10     | Killed a death yak
 11111 | D:10     | Noticed a death yak
 11129 | D:10     | Offered knowledge of Iskenderun's Mystic Blast by Vehumet.
 11132 | D:10     | Killed a death yak
 11365 | D:10     | Found a staircase to the Lair.
 11414 | D:10     | Found a shimmering blue altar of Sif Muna.
 11428 | D:10     | Identified Sif Muna's Disquisition on the Birds
 11487 | D:10     | Noticed a manticore
 11924 | D:11     | Noticed a five-headed hydra
 11929 | D:11     | Killed a five-headed hydra
 12065 | D:11     | Found a runed translucent gate.
 12065 | D:11     | Found a runed translucent gate.
 12065 | D:11     | Found an opulent altar of Gozag.
 12065 | D:11     | Found a runed translucent gate.
 12069 | D:11     | Noticed a hell knight
 12079 | D:11     | Noticed a brown ugly thing
 12079 | D:11     | Noticed Teror's ghost (novice DsNe)
 12208 | D:11     | Reached skill level 5 in Dodging
 12425 | D:11     | Noticed a cyclops
 12437 | D:11     | Killed a cyclops
 12437 | D:11     | Reached skill level 10 in Earth Magic
 12638 | D:11     | Found a shimmering altar of Xom.
 13213 | D:12     | Noticed a manticore
 13217 | D:12     | Killed a manticore
 13250 | D:12     | Reached XP level 12. HP: 65/80 MP: 17/23
 13251 | D:12     | Reached **** piety under Vehumet
 14534 | D:12     | Reached skill level 5 in Evocations
 14706 | D:13     | Found Okeschya's Jewellery Boutique.
 14788 | D:13     | Noticed a centaur warrior
 14800 | D:13     | Found a flickering gateway to a bazaar.
 14809 | Bazaar   | Entered a bazaar
 14840 | Bazaar   | Found Tojigif's Antique Weapon Emporium.
 14840 | Bazaar   | Found Ludywkim's Antique Weapon Emporium.
 14876 | Bazaar   | Found Ehitt's Distillery.
 14876 | Bazaar   | Found Poosoetus's General Store.
 14913 | Bazaar   | Bought a crystal morningstar for 162 gold pieces
 14913 | Bazaar   | Identified the +8 morningstar of Callousness {drain,
                  | +Blink} (You bought it in a shop in a bazaar)
 14998 | Bazaar   | Bought a potion of mutation for 136 gold pieces
 14998 | Bazaar   | Bought a potion of curing for 51 gold pieces
 14998 | Bazaar   | Bought a potion of heal wounds for 85 gold pieces
 14998 | Bazaar   | Bought a potion of heal wounds for 85 gold pieces
 14998 | Bazaar   | Lost mutation: You do not regenerate when monsters are
                  | visible. [potion of mutation]
 14998 | Bazaar   | Lost mutation: Your large and strong wings let you fly
                  | indefinitely. [potion of mutation]
 14998 | Bazaar   | Lost mutation: You are partially covered in rugged brown
                  | scales. (AC +1, +3% HP) [potion of mutation]
 14998 | Bazaar   | Gained mutation: You expend magic power (3 MP) to
                  | strengthen your wands. [potion of mutation]
 14998 | Bazaar   | Gained mutation: Your movements are slightly less
                  | encumbered by armour. (ER -2) [potion of mutation]
 15115 | D:13     | Found the +3 robe of Clouds {+Thunder rCloud rElec}
 15276 | D:13     | Killed a centaur warrior
 15815 | D:14     | Got a pair of scorched gloves
 15826 | D:14     | Identified the +2 pair of gloves "Neny" {Str+2} (You found
                  | it on level 14 of the Dungeon)
 15828 | D:14     | Identified Daun's Disquisition on Scorching Combat Magic
 15883 | D:14     | Noticed a four-headed hydra
 15888 | D:14     | Killed a four-headed hydra
 16250 | D:14     | Reached skill level 11 in Earth Magic
 16821 | D:14     | Reached XP level 13. HP: 80/85 MP: 25/25
 16855 | D:14     | Found a gate to the Vaults.
 16855 | D:14     | Noticed an ironheart preserver
 16869 | D:14     | Killed an ironheart preserver
 16869 | D:14     | Offered knowledge of Olgreb's Toxic Radiance by Vehumet.
 17008 | Lair:1   | Entered Level 1 of the Lair of Beasts
 17029 | Lair:1   | Learned a level 5 spell: Bolt of Magma
 17154 | Lair:1   | Noticed Gastronok
 17159 | Lair:1   | Reached skill level 1 in Fire Magic
 17173 | Lair:1   | Killed Gastronok
 17482 | Lair:1   | Found a blossoming altar of Fedhas.
 17976 | Lair:2   | Reached skill level 10 in Conjurations
 18184 | Lair:2   | Found a frozen archway.
 18197 | IceCv    | Entered an ice cave
 18209 | IceCv    | Found a transporter.
 18215 | IceCv    | Found a transporter.
 18235 | IceCv    | Reached ***** piety under Vehumet
 18263 | IceCv    | Got the +1 eveningstar of the Snake Pit {vorpal, +Inv rElec
                  | rPois rN++}
 18368 | Lair:2   | Offered knowledge of Starburst by Vehumet.
 19345 | Lair:3   | Gained mutation: Your large and strong wings let you fly
                  | indefinitely. [Gargoyle growth]
 19345 | Lair:3   | Reached XP level 14. HP: 89/94 MP: 23/27
 19965 | Lair:3   | Learned a level 6 spell: Starburst
 19996 | Lair:3   | Reached skill level 5 in Fire Magic
 20103 | Lair:3   | Found a staircase to the Snake Pit.
 20108 | Lair:3   | Reached skill level 12 in Earth Magic
 21071 | Lair:4   | Found a staircase to the Shoals.
 22313 | Lair:5   | Offered knowledge of Irradiate by Vehumet.
 22324 | Lair:5   | Learned a level 5 spell: Irradiate
 22613 | Lair:5   | Found a runed translucent door.
 22613 | Lair:5   | Found a viscous altar of Jiyva.
 22613 | Lair:5   | Found a staircase to the Slime Pits.
 22854 | Lair:5   | Found the +2 Maxwell's thermic engine {flame, freeze}
 23269 | Lair:6   | Entered Level 6 of the Lair of Beasts
 23337 | Lair:5   | HP: 3/95 [komodo dragon (20)]
 24705 | Lair:6   | Found a runed translucent door.
 24714 | Lair:6   | Reached XP level 15. HP: 91/101 MP: 24/28
 24754 | Lair:6   | Reached skill level 10 in Fighting
 25287 | Lair:6   | Reached skill level 10 in Spellcasting
 26039 | Orc:1    | Entered Level 1 of the Orcish Mines
 26040 | Orc:1    | Found Afoteat's General Store.
 26057 | Orc:1    | Found a roughly hewn altar of Beogh.
 26099 | Orc:1    | Found a roughly hewn altar of Beogh.
 26390 | Orc:1    | Found a roughly hewn altar of Beogh.
 26533 | Orc:2    | Entered Level 2 of the Orcish Mines
 26807 | Orc:2    | Noticed Sonja
 26822 | Orc:2    | Killed Sonja
 27994 | Orc:2    | Offered knowledge of Fireball by Vehumet.
 28348 | Orc:2    | Found a staircase to the Elven Halls.
 28378 | Orc:2    | Noticed Erolcha
 28381 | Orc:2    | Killed Erolcha
 28417 | Orc:2    | Reached skill level 13 in Earth Magic
 28436 | Orc:2    | Identified the cursed +1 flail "Beastslayer" {holy, rElec
                  | MP+9} (You found it on level 2 of the Orcish Mines)
 28668 | Orc:2    | Found a roughly hewn altar of Beogh.
 28706 | Orc:2    | Found a roughly hewn altar of Beogh.
 28706 | Orc:2    | Noticed an orc warlord
 28719 | Orc:2    | Killed an orc warlord
 29199 | Orc:2    | Found Pefan's Jewellery Boutique.
 29288 | Orc:2    | Offered knowledge of Ozocubu's Refrigeration by Vehumet.
 29733 | Orc:2    | Found Qoij's Antique Armour Boutique.
 29742 | Orc:2    | Found Hiohab's Jewellery Shop.
 30106 | Orc:2    | Found Suucla Kesa's Gadget Emporium.
 30517 | D:15     | Entered Level 15 of the Dungeon
 30757 | D:15     | Found a shadowy altar of Dithmenos.
 30822 | D:15     | Identified the +6 quarterstaff of Intimidation {vorpal,
                  | +Fly rPois Str+4 Stlth-} (You found it on level 15 of the
                  | Dungeon)
 31044 | D:15     | Found a gateway to a bazaar.
 31253 | D:15     | Reached XP level 16. HP: 108/108 MP: 25/30
 31254 | D:15     | Reached skill level 10 in Maces & Flails
 31262 | D:15     | Identified the +1 robe "Ososasy" {+Fly rC++ rN+ Str+2} (You
                  | found it on level 15 of the Dungeon)
 31303 | D:15     | Found a staircase to the Depths.
 31638 | Bazaar   | Entered a bazaar
 31652 | Bazaar   | Found Kedyuraco's Food Emporium.
 31667 | Bazaar   | Found Daifalit's Gadget Shoppe.
 31682 | Bazaar   | Found Reelashre's Weapon Shoppe.
 31697 | Bazaar   | Found Coulel Urid's Gadget Emporium.
 31697 | Bazaar   | Found Satwafosk's Jewellery Shoppe.
 31920 | Snake:1  | Entered Level 1 of the Snake Pit
 32639 | Snake:1  | Found a runed translucent gate.
 32640 | Snake:1  | Found a runed translucent gate.
 32641 | Snake:1  | Found a runed translucent gate.
 32643 | Snake:1  | Noticed Hunanoc's ghost (adept TrWz)
 32669 | Snake:1  | Killed Hunanoc's ghost
 32727 | Snake:1  | Identified the +4 helmet of the Elven Halls {Int+4 Dex+3}
                  | (You found it on level 1 of the Snake Pit)
 32747 | Snake:1  | Lost mutation: You expend magic power (3 MP) to strengthen
                  | your wands. [potion of mutation]
 32747 | Snake:1  | Lost mutation: Your movements are slightly less encumbered
                  | by armour. (ER -2) [potion of mutation]
 32747 | Snake:1  | Gained mutation: You have large cloven feet. [potion of
                  | mutation]
 32747 | Snake:1  | Gained mutation: You are somewhat resistant to further
                  | mutation. [potion of mutation]
 32851 | Snake:1  | Reached skill level 10 in Fire Magic
 33974 | Snake:2  | Noticed Aizul
 33985 | Snake:2  | Killed Aizul
 34555 | Snake:2  | Found Qaqakipu's Distillery.
 34558 | Snake:2  | Bought a potion of heal wounds for 85 gold pieces
 34558 | Snake:2  | Bought a potion of heal wounds for 85 gold pieces
 34558 | Snake:2  | Bought a potion of magic for 136 gold pieces
 34558 | Snake:2  | Bought a potion of curing for 51 gold pieces
 35018 | Orc:1    | Bought a +0 pair of boots of running for 378 gold pieces
 35156 | Shoals:1 | Entered Level 1 of the Shoals
 35162 | Shoals:1 | Found Giecwub's Distillery.
 35177 | Shoals:1 | Bought a potion of berserk rage for 70 gold pieces
 35177 | Shoals:1 | Bought a potion of haste for 140 gold pieces
 35177 | Shoals:1 | Bought a potion of haste for 140 gold pieces
 35177 | Shoals:1 | Bought a potion of invisibility for 112 gold pieces
 35177 | Shoals:1 | Bought a potion of haste for 140 gold pieces
 35177 | Shoals:1 | Bought a potion of curing for 42 gold pieces
 35177 | Shoals:1 | Bought a potion of heal wounds for 70 gold pieces
 35177 | Shoals:1 | Bought a potion of curing for 42 gold pieces
 35186 | Shoals:1 | Found Vanunu's Gadget Emporium.
 35211 | Shoals:1 | Found Segioshro's Armour Shop.
 35657 | Shoals:1 | Identified Qennaewk's Volume of Shape Shifting
 36673 | Shoals:2 | Found Mangoiz's Mass Market.
 36744 | Shoals:2 | Offered knowledge of Conjure Ball Lightning by Vehumet.
 36772 | Shoals:2 | Reached skill level 14 in Earth Magic
 36902 | Shoals:2 | Reached XP level 17. HP: 97/114 MP: 25/32
 37718 | Shoals:3 | Noticed a kraken
 37736 | Shoals:3 | HP: 3/116 [kraken (4)]
 37736 | Shoals:3 | Slain by a merfolk

Illustrated notes

Levels and vault maps discovered:
D:1:      dpeg_arrival_long_road, layout_loops_corners
D:2:      minmay_razor_zed, layout_rooms, first_ration,
          minmay_misc_feat_secret_circle, uniq_robin
D:3:      layout_basic, lemuel_doored_altar, yredelemnul_altar_generic
D:4:      layout_basic, serial_shops, shop, cheibrodos_sewer_entry_bend
D:5:      corexii_shantytown, layout_loops_corners,
          minmay_temple_entry_statues_pillars, hangedman_feature_mirror,
          uniq_menkaure
D:6:      layout_loops_ring, serial_shops, nicolae_shop_waterfront
D:7:      layout_loops_ring, elyvilon_altar_5, minmay_misc_feat_columns,
          uniq_harold
D:8:      layout_basic
D:9:      layout_loops_ring, nicolae_ashenzari_panopticon, dk_vineyard_3,
          david_nohive_1
D:10:     layout_roguey, dpeg_lair_monsters, orc_0_dummy, minmay_holes,
          led_sif_book
D:11:     layout_roguey, ebering_ghost_gozag, abandoned_shop,
          serial_bayou_pond_a, minivault_25_ag, tgw_xom
D:12:     layout_basic, serial_glass, glass_columns_b, glass_columns_c,
          ebering_dispersal_statue_hall
D:13:     layout_loops_ring, serial_shops, bzr_in_the_mist,
          nicolae_shop_behind_doors
D:14:     cheibrodos_wizards_tower, layout_stronghold,
          skrybe_vaults_entry_preservation, nrook_campfire
D:15:     grunt_enter_depths_magical_seal, layout_irregular_city,
          nicolae_dithmenos_the_darkroom, serial_shops, statue_bzr
Temple:   compressed_dpeg_circular_temple
Lair:1:   layout_misc_corridors, tgw_fedhas, lemuel_fruit_fields, uniq_gastronok
Lair:2:   layout_regular_city, portal_ice_cave_demonic_guard,
          grunt_forest_small_clearings, chequers_serial_rivers_small_3,
          beast_lair_carwin_11, serial_bayou_shore_a
Lair:3:   layout_misc_corridors, guppyfry_snake_entry_garden
Lair:4:   layout_cave_pods, minmay_shoals_entry_lonely_mermaid,
          minmay_lair_oklob_chamber
Lair:5:   layout_long_grid, slime_altar_2, infiniplex_staircase_pool
Lair:6:   wormcave, layout_loops_ring, grunt_megastairs_1
Shoals:1: layout_shoals, serial_shops, nicolae_shop_statue_plus, shop, shop
Shoals:2: nzn_motion_control, layout_shoals, minmay_shop_mass
Shoals:3: cheibrodos_shoals_roost, layout_shoals, ebering_ghost_xom
Snake:1:  layout_misc_corridors, gammafunk_ghost_necromancy
Snake:2:  layout_basic, special_room, minmay_snake_pond, lemuel_fruit_tree,
          minmay_shop_star, uniq_aizul
Orc:1:    layout_caves, basic_altar, serial_shops, shop,
          hangedman_feature_mirror
Orc:2:    pubby_orc_utopia, uniq_erolcha, uniq_sonja

Skill      XL: |  1  2  3  4  5  6  7  8  9 10 11 12 13 14 15 16 17 |
---------------+----------------------------------------------------+-----
Earth Magic    | 4 5 6 7 8 9 10 11 12 13 14 | 14.1
Conjurations   | 1 2 3 5 6 7 8 9 10 11 12 | 12.6
Spellcasting   | 3 4 5 6 7 8 9 10 11 | 11.1
Fighting       | 2 4 5 6 7 9 10 11 | 11.7
Maces & Flails | 2 3 4 6 7 8 9 10 | 10.8
Armour         | 2 3 5 6 |  6.0
Dodging        | 2 3 4 5 6 7 8 9 |  9.3
Evocations     | 1 3 4 5 6 |  6.0
Fire Magic     | 4 7 9 10 11 | 11.1
Stealth        | |  2.1
Transmutations | |  0.7

Action                   |  1- 3 |  4- 6 |  7- 9 | 10-12 | 13-15 | 16-18 || total
-------------------------+-------+-------+-------+-------+-------+-------++-------
Melee: Unarmed           |     6 |       |       |       |       |       ||     6
       Club              |     2 |       |       |       |       |       ||     2
       Short sword       |    74 |   160 |   336 |   284 |       |       ||   854
       Morningstar       |       |       |       |    62 |   259 |   276 ||   597
       Eveningstar       |       |       |       |       |   580 |       ||   580
 Cast: Sandblast         |    12 |    47 |    82 |   249 |   170 |    30 ||   590
       Stone Arrow       |       |       |     4 |     4 |    15 |       ||    23
       Lee's Rapid Decon |       |       |       |    41 |    73 |    20 ||   134
       Iron Shot         |       |       |       |     2 |    60 |    29 ||    91
       Bolt of Magma     |       |       |       |       |    14 |       ||    14
       Starburst         |       |       |       |       |    13 |    14 ||    27
       Irradiate         |       |       |       |       |    10 |    10 ||    20
 Abil: Fly               |       |       |       |     1 |     1 |       ||     2
       Evoke Thunderclou |       |       |       |     1 |       |     1 ||     2
       Evoke Blink       |       |       |       |       |     2 |     1 ||     3
       Evoke Invisibilit |       |       |       |       |     3 |       ||     3
Evoke: Wand              |       |       |     9 |    18 |     4 |     1 ||    32
       Lightning rod     |       |       |       |       |     1 |       ||     1
  Use: Scroll            |     3 |    11 |     6 |     4 |    16 |    12 ||    52
       Potion            |     2 |     1 |     4 |     2 |     9 |     6 ||    24
 Stab: Sleeping          |     6 |     4 |    11 |     5 |    18 |     7 ||    51
       Distracted        |       |       |     1 |       |     1 |       ||     2
       Invisible         |       |       |       |       |     4 |       ||     4
  Eat: Chunk             |     2 |     7 |    12 |    32 |    63 |    15 ||   131
       Ration            |       |       |     1 |     2 |     8 |     6 ||    17
Armor: Robe              |    16 |    52 |   107 |   231 |   597 |   272 ||  1275
Dodge: Dodged            |    44 |    97 |   157 |   348 |   993 |   430 ||  2069

Table legend:
 A = Non-vault XP
 B = Vault XP
 C = Vault XP percentage of total XP
 D = Non-vault monster count
 E = Vault monster count
 F = Vault count percentage of total count
                 A         B        C        D         E       F
            +---------+---------+-------+---------+---------+-------
      Total |  120490 |   71098 |  37.1 |     584 |     341 |  36.9
            +---------+---------+-------+---------+---------+-------
        D:1 |      39 |       0 |   0.0 |      22 |       0 |   0.0
        D:2 |      74 |      73 |  49.7 |      20 |      24 |  54.5
        D:3 |      71 |       0 |   0.0 |      29 |       0 |   0.0
        D:4 |     754 |      10 |   1.3 |      24 |       2 |   7.7
        D:5 |     555 |     286 |  34.0 |      15 |      35 |  70.0
        D:6 |     663 |       0 |   0.0 |      12 |       0 |   0.0
        D:7 |     702 |     970 |  58.0 |      12 |       1 |   7.7
        D:8 |    1133 |       0 |   0.0 |      25 |       0 |   0.0
        D:9 |    2379 |    1178 |  33.1 |      41 |      15 |  26.8
       D:10 |     421 |    3748 |  89.9 |       6 |      10 |  62.5
       D:11 |    2298 |     611 |  21.0 |      13 |       7 |  35.0
       D:12 |    6701 |       0 |   0.0 |      55 |       0 |   0.0
       D:13 |    3486 |       0 |   0.0 |      22 |       0 |   0.0
       D:14 |    3772 |    4742 |  55.7 |      16 |      12 |  42.9
       D:15 |    3320 |    9208 |  73.5 |       9 |      13 |  59.1
     Lair:1 |    6431 |    2182 |  25.3 |      26 |       1 |   3.7
     Lair:2 |    6295 |    1290 |  17.0 |      25 |       8 |  24.2
     Lair:3 |    5092 |     320 |   5.9 |      18 |       2 |  10.0
     Lair:4 |   10430 |     691 |   6.2 |      31 |       2 |   6.1
     Lair:5 |    7103 |     262 |   3.6 |      32 |       1 |   3.0
     Lair:6 |    6845 |    8768 |  56.2 |      20 |      23 |  53.5
   Shoals:1 |    4927 |       0 |   0.0 |      13 |       0 |   0.0
   Shoals:2 |   10122 |    3821 |  27.4 |      20 |       5 |  20.0
   Shoals:3 |    3556 |       0 |   0.0 |       7 |       0 |   0.0
    Snake:1 |   14943 |    4657 |  23.8 |      28 |      11 |  28.2
    Snake:2 |   14965 |    2163 |  12.6 |      27 |       6 |  18.2
      Orc:1 |    3413 |       0 |   0.0 |      16 |       0 |   0.0
      Orc:2 |       0 |   23354 | 100.0 |       0 |     147 | 100.0
      Sewer |       0 |      16 | 100.0 |       0 |       6 | 100.0
      IceCv |       0 |    2748 | 100.0 |       0 |      10 | 100.0
            +---------+---------+-------+---------+---------+-------
